 Dungeon Crawl Stone Soup version 0.29-a0-2-g12fcac58f8 (webtiles) character file.

Game seed: 16424866726199135846

196 testman the Chopper (level 5, -1/46 HPs)
             Began as a Palentonga Berserker on Jan 26, 2022.
             Was a Believer of Trog.
             Slain by Grinder (7 damage)
             ... on level 3 of the Dungeon.
             The game lasted 00:07:45 (2350 turns).

testman the Chopper (Palentonga Berserker)          Turns: 2350, Time: 00:07:46

Health: -1/46      AC:  7    Str: 22    XL:     5   Next: 46%
Magic:  5/5        EV:  9    Int:  7    God:    Trog [**....]
Gold:   119        SH:  0    Dex: 10    Spells: 4/4 levels left

rFire   . . .      SeeInvis +   a - +0 hand axe
rCold   . . .      Faith    .   (no shield)
rNeg    . . .      Spirit   .   b - +0 animal skin
rPois   .          Reflect  .   o - +2 hat
rElec   .          Harm     .   (no cloak)
rCorr   .          Rampage  .   l - +0 pair of gloves
Will    ++...                   (no barding)
Stlth   +.........              (no amulet)
HPRegen 1.15/turn               (no ring)
MPRegen 0.09/turn               (no ring)

@: strong-willed (expiring), regenerating (expiring)
A: large, rugged brown scales 3, see invisible, deformed body, roll 1, armoured
tail
a: Rolling Charge, Renounce Religion, Berserk, Trog's Hand


You were on level 3 of the Dungeon.
You worshipped Trog.
Trog was pleased with you.
You visited 1 branch of the dungeon, and saw 3 of its levels.

You collected 119 gold pieces.

Inventory:

Hand Weapons
 a - a +0 hand axe (weapon)
Missiles
 d - 31 stones
 f - 2 silver boomerangs
 k - a throwing net
 m - 12 poisoned darts
 r - 23 sling bullets
Armour
 b - a +0 animal skin (worn)
 l - a +0 pair of gloves (worn)
 o - a +2 hat (worn)
Scrolls
 c - a scroll of immolation {unknown}
 e - a scroll of amnesia {unknown}
 h - a scroll of acquirement {unknown}
 i - 5 scrolls of identify {unknown}
 n - a scroll of silence {unknown}
 p - a scroll of enchant armour {unknown}
 q - a scroll of noise {unknown}
Potions
 g - a potion of attraction {unknown}
 j - a potion of cancellation {unknown}


   Skills:
 + Level 4.8 Fighting
 + Level 4.9 Axes
 - Level 1.5 Armour
 - Level 1.5 Dodging


You had 4 spell levels left.
You didn't know any spells.
Your spell library was empty.

Dungeon Overview and Level Annotations

Branches:
Dungeon (3/15)

Altars:
Uskayaw

Annotations:
D:3 Grinder


Innate Abilities, Weirdness & Mutations

You are completely covered in rugged brown scales. (AC +3, +7% HP)
You have supernaturally acute eyesight. (SInv)
Armour fits poorly on your strangely shaped body.
You can roll at nearby foes to attack.
You have a long armoured tail.


Message History

Grinder hits you but does no damage.
You closely miss Grinder.
Grinder is lightly wounded.
Grinder hits you.
* * * LOW HITPOINT WARNING * * *
You writhe in agony.
* * * LOW HITPOINT WARNING * * *
Your skin crawls.
You feel strong-willed. Grinder gestures at you.
You resist with almost no effort.
You hit Grinder but do no damage.
Grinder is lightly wounded.
Grinder hits you but does no damage.
You barely miss Grinder.
Grinder is lightly wounded.
Grinder closely misses you.
You completely miss Grinder. You tail-slap Grinder.
Grinder is lightly wounded.
You feel the effects of Trog's Hand fading.
Grinder hits you but does no damage.
You slash Grinder! You tail-slap Grinder!
Grinder is heavily wounded.
Grinder gestures at you. You resist with almost no effort.
You hit Grinder.
You tail-slap Grinder, but do no damage.
Grinder is heavily wounded.
Grinder hits you.
* * * LOW HITPOINT WARNING * * *
You writhe in agony.
* * * LOW HITPOINT WARNING * * *
You slash Grinder! You tail-slap Grinder.
Grinder is almost dead.
Grinder hits you.
* * * LOW HITPOINT WARNING * * *
You hit Grinder.
Grinder is almost dead.
Grinder hits you!
You die...

.# .. # #. .## #. #####
... #. #. #...#
#####.######... ..
#...#######..............
#. ≈.....≈≈.. ####5.....#
#.
..≈≈..≈≈######.)@.....<#
#.
≈≈......>..).))#######..#
. .....≈.....##### . .
≈≈......##..##### #
..≈≈..≈≈..#.....#####
≈.....≈≈..#####.....####
.#######....#
#####....### .# ##.#.#
####...##### .# #...####
###.....####


You could see Grinder.

Vanquished Creatures
  An orc priest (D:3)
  An orc wizard (D:3)
  6 adders
  A worm (D:2)
  12 orcs (D:3)
  6 ball pythons
  3 endoplasms
  4 giant cockroaches
  5 goblins
  6 hobgoblins
  8 kobolds
  A quokka (D:1)
  10 bats
  4 frilled lizards
  6 rats
74 creatures vanquished.

Vanquished Creatures (others)
  A fungus (D:1)
  3 plants (D:1)
4 creatures vanquished.

Grand Total: 78 creatures vanquished

Notes
Turn   | Place    | Note
-------+----------+-------------------------------------------
     0 | D:1      | testman the Palentonga Berserker began the quest for the
                  | Orb.
     0 | D:1      | Reached XP level 1. HP: 19/19 MP: 1/1
    41 | D:1      | Reached XP level 2. HP: 14/25 MP: 2/2
   392 | D:1      | Reached ** piety under Trog
   566 | D:1      | Reached XP level 3. HP: 31/31 MP: 3/3
   633 | D:1      | Found a faded altar of an unknown god.
   953 | D:2      | Reached XP level 4. HP: 37/39 MP: 4/4
  1716 | D:3      | Reached XP level 5. HP: 20/46 MP: 5/5
  1921 | D:3      | Found a hide-covered altar of Uskayaw.
  1961 | D:3      | Reached *** piety under Trog
  2335 | D:3      | Noticed Grinder
  2350 | D:3      | Slain by Grinder

Illustrated notes

Levels and vault maps discovered:
D:1:      ebering_hopf_link, layout_rooms,
          shapermc_ecumenical_altar_mp_urbaneastern
D:2:      layout_basic, minmay_distorted
D:3:      layout_rooms, nicolae_uskayaw_suspiria,
          mainiacjoe_overflow_small_starburst, grunt_ministairs_7, uniq_grinder

Skill      XL: |  1  2  3 |
---------------+----------+-----
Fighting       | 4 |  4.8
Axes           | 4 |  4.9
Armour         | |  1.5
Dodging        | |  1.5

Action                   |  1- 3 |  4- 6 || total
-------------------------+-------+-------++-------
Melee: Hand axe          |   119 |    80 ||   199
       Tailslap          |    13 |    11 ||    24
       Punch             |     1 |     1 ||     2
Invok: Berserk           |       |     2 ||     2
       Trog's Hand       |       |     1 ||     1
 Abil: Rolling Charge    |    24 |     8 ||    32
Armor: Animal skin       |    62 |    45 ||   107
Dodge: Dodged            |    73 |    42 ||   115

Table legend: (Time is in decaauts)
 A = Elapsed time spent in this place.
 B = Non-inter-level travel time spent in this place.
 C = Inter-level travel time spent in this place.
 D = Time resting spent in this place.
 E = Time spent auto-exploring this place.
 F = Levels seen in this place.
 G = Mean time per level.
                   A        B        C        D        E       F      G
               +--------+--------+--------+--------+--------+-----+--------+
         Total |   2384 |   2358 |     26 |    752 |   1202 |   3 |  794.7 |
       Dungeon |   2384 |   2358 |     26 |    752 |   1202 |   3 |  794.7 |
               +--------+--------+--------+--------+--------+-----+--------+

Top non-repeatable levels by time:
     D:3: 908 daAuts
     D:1: 774 daAuts
     D:2: 701 daAuts
